 Dungeon Crawl Stone Soup version 0.31-a0-843-g427724c (webtiles) character file.

Game seed: 6330318033598931229

266 BarneyGumball the Conjurer (level 6, -5/32 HPs)
             Began as a Deep Elf Conjurer on Sept 27, 2023.
             Slain by Pikel
             ... wielding a +0 whip of flaming
              (7 damage)
             ... on level 4 of the Dungeon.
             The game lasted 00:04:05 (2943 turns).

BarneyGumball the Conjurer (Deep Elf Conjurer)      Turns: 2943, Time: 00:04:05

Health: -5/32      AC:  3    Str:  4    XL:     6   Next: 0%
Magic:  0/12       EV: 12    Int: 25    God:
Gold:   159        SH:  0    Dex: 13    Spells: 8/11 levels left

rFire   . . .        f - +1 dagger (speed)
rCold   . . .        (no shield)
rNeg    . . .        a - +0 robe
rPois   .            (no helmet)
rElec   .            (no cloak)
rCorr   .            (no gloves)
SInv    .            l - +0 pair of boots
Will    .....        (no amulet)
Stlth   ++           (no ring)
HPRegen 0.25/turn    (no ring)
MPRegen 0.13/turn

%: no passive effects
@: no status effects
A: no striking features
a: no special abilities


You were on level 4 of the Dungeon.
You visited 1 branch of the dungeon, and saw 4 of its levels.

You collected 159 gold pieces.

Inventory:

Hand Weapons
 f - a +1 dagger of speed (weapon)
Missiles
 k - 6 poisoned darts
Armour
 a - a +0 robe (worn)
 l - a +0 pair of boots (worn)
Scrolls
 h - a scroll of noise {unknown}
 i - a scroll of immolation {unknown}
 n - 3 scrolls of fog {unknown}
 q - a scroll of identify {unknown}
Potions
 b - 2 potions of magic
 c - a potion of haste {unknown}
 d - 2 potions of invisibility {unknown}
 e - 3 potions of curing {unknown}
 g - a potion of lignification {unknown}
 j - a potion of enlightenment {unknown}
 m - a potion of brilliance {unknown}
 o - a potion of heal wounds {unknown}
 p - a potion of cancellation {unknown}


   Skills:
 - Level 2.4 Dodging
 - Level 2.4 Stealth
 - Level 3.0 Spellcasting
 + Level 6.4 Conjurations
 + Level 4.4 Translocations


You had 8 spell levels left.
You knew the following spells:

 Your Spells              Type           Power      Damage    Failure   Level
a - Magic Dart            Conj           100%       1d8       1%          1
b - Searing Ray           Conj           72%        2d7       1%          2

Your spell library contained the following spells:

 Spells                   Type           Power      Damage    Failure   Level
 Dazzling Flash           Conj/Hex       38%        N/A       9%          3
 Stone Arrow              Conj/Erth      38%        3d9       9%          3
 Iskenderun's Mystic Bla  Conj/Tloc      31%        2d8       11%         4
 Fulminant Prism          Conj/Hex       9%         3d7       26%         4
 Vhi's Electric Charge    Tloc/Air       28%        N/A       38%         4
 Arcjolt                  Conj/Air       9%         1d19      58%         5
 Animate Armour           Summ/Erth      6%         N/A       69%         4
 Lehudib's Crystal Spear  Conj/Erth      9%         10d4      100%        8
 Maxwell's Capacitive Co  Air            1%         ∞         100%        8


Dungeon Overview and Level Annotations

Branches:
Dungeon (4/15)
 Temple: D:4-7

Altars:
Cheibriados
Nemelex Xobeh
Yredelemnul

Annotations:
D:4 Pikel


Message History

You closely miss Pikel.
Pikel is almost dead.
Pikel hits you with a +0 whip of flaming.
* * * LOW HITPOINT WARNING * * *
Pikel burns you.
* * * LOW HITPOINT WARNING * * *
You closely miss Pikel.
Pikel is almost dead.
You hit Pikel.
Pikel is almost dead.
Pikel barely misses you.
You closely miss Pikel.
Pikel is almost dead.
Pikel hits you but does no damage.
You hit Pikel but do no damage.
Pikel is almost dead.
You closely miss Pikel.
Pikel is almost dead.
Pikel hits you with a +0 whip of flaming.
* * * LOW HITPOINT WARNING * * *
Pikel burns you.
* * * LOW HITPOINT WARNING * * *
You hit Pikel but do no damage.
Pikel is almost dead.
Pikel hits you but does no damage.
Casting: Searing Ray (safe; 1% risk of failure)
Confirm with . or Enter, or press ? or * to list all spells.
Aiming: Magic Dart (safe; 1% risk of failure)
Press: ? - help, Shift-Dir - straight line, f/p - Pikel
Aim: Pikel, wielding a +0 whip of flaming and wearing a +0 robe (almost dead, 100% to hit)
The magic dart hits Pikel but does no damage.
Pikel is almost dead.
Pikel misses you.
You completely miss Pikel.
Pikel is almost dead.
You hit Pikel but do no damage.
Pikel is almost dead.
Pikel hits you with a +0 whip of flaming!
You die...
Pikel says, "Another soul for the market."

####.............#
...........#####.#
#.......# #.#
###...### #.#
#.....# #.#
#.##.## #.# #.##.#
#.# ##..### ###
#@### #K# ##5 # 5.
. ... . ..!. .
...#. . ..#### ##
#.


You could see Pikel and 2 lemures.

Vanquished Creatures
  A hound (D:4)
  An iron imp (D:3)
  Terence (D:3)
  Jessica (D:2)
  An iguana (D:4)
  Natasha (thrice) (D:2)
  2 adders (D:2)
  A dart slug (D:1)
  4 orcs (D:4)
  5 endoplasms
  3 giant cockroaches
  2 goblins
  4 hobgoblins
  A kobold (D:2)
  2 quokkas
  3 ball pythons
  A bat (D:3)
  A frilled lizard (D:2)
  A rat (D:2)
38 creatures vanquished.

Notes
Turn   | Place    | Note
-------+----------+-------------------------------------------
     0 | D:1      | BarneyGumball the Deep Elf Conjurer began the quest for the
                  | Orb.
     0 | D:1      | Reached XP level 1. HP: 10/10 MP: 6/6
   277 | D:1      | Reached skill level 1 in Translocations
   304 | D:1      | Reached XP level 2. HP: 15/15 MP: 5/8
   883 | D:2      | Noticed Jessica
   910 | D:2      | Learned a level 2 spell: Searing Ray
  1120 | D:2      | Reached skill level 5 in Conjurations
  1120 | D:2      | Reached XP level 3. HP: 19/19 MP: 7/9
  1249 | D:2      | Found a sparkling altar of Nemelex Xobeh.
  1450 | D:2      | Noticed Natasha
  1453 | D:2      | Killed Natasha
  1540 | D:2      | Noticed Natasha
  1545 | D:2      | Killed Natasha
  1546 | D:2      | Reached XP level 4. HP: 18/24 MP: 3/10
  1607 | D:2      | Noticed Natasha
  1610 | D:2      | Killed Natasha
  1714 | D:2      | Killed Jessica
  1715 | D:2      | Reached XP level 5. HP: 28/28 MP: 8/11
  1815 | D:3      | Found a snail-covered altar of Cheibriados.
  1820 | D:3      | Reached skill level 6 in Conjurations
  2369 | D:3      | Noticed Terence
  2375 | D:3      | Killed Terence
  2465 | D:3      | Found a basalt altar of Yredelemnul.
  2809 | D:4      | Reached XP level 6. HP: 28/32 MP: 0/12
  2922 | D:4      | Noticed Pikel
  2939 | D:4      | HP: 1/32 [Pikel/+0 whip of flaming (2)]
  2943 | D:4      | Slain by Pikel

Illustrated notes

Levels and vault maps discovered:
D:1:      lightli_molten_gateway, layout_basic, nrook_campfire
D:2:      cheibrodos_fertilizer, layout_loops_cross, basic_altar, uniq_jessica,
          uniq_natasha
D:3:      layout_loops_ring, nicolae_overflow_hidden_temple, slow_altar_1,
          uniq_terence
D:4:      layout_loops_ring, minmay_temple_entry_large_hall,
          hangedman_abyss_or_decor_stabs, nicolae_houndstooth_variations,
          uniq_pikel

Skill      XL: |  1  2  3  4  5 |
---------------+----------------+-----
Translocations | 1 2 3 4 |  4.4
Conjurations   | 5 6 |  6.4
Dodging        | |  2.4
Stealth        | |  2.4
Spellcasting   | |  3.0

Action                     |  1- 3 |  4- 6 || total
---------------------------+-------+-------++-------
  Melee: Dagger            |       |    12 ||    12
   Cast: Magic Dart        |    41 |    22 ||    63
         Searing Ray       |     2 |    12 ||    14
 Armour: Robe              |     1 |    11 ||    12
  Dodge: Dodged            |     1 |     7 ||     8

Table legend: (Time is in decaauts)
 A = Elapsed time spent in this place.
 B = Non-inter-level travel time spent in this place.
 C = Inter-level travel time spent in this place.
 D = Time resting spent in this place.
 E = Time spent auto-exploring this place.
 F = Levels seen in this place.
 G = Mean time per level.
                   A        B        C        D        E       F      G
               +--------+--------+--------+--------+--------+-----+--------+
         Total |   2951 |   2811 |    140 |      5 |   2592 |   4 |  737.8 |
       Dungeon |   2951 |   2811 |    140 |      5 |   2592 |   4 |  737.8 |
               +--------+--------+--------+--------+--------+-----+--------+

Top non-repeatable levels by time:
     D:2: 931 daAuts
     D:3: 869 daAuts
     D:1: 839 daAuts
     D:4: 310 daAuts
